 Dungeon Crawl Stone Soup version 0.29-a0-1009-g60c99734e7 (webtiles) character file.

Game seed: 6326379772837151927

1082 howech the Conjurer (level 8, -2/52 HPs)
             Began as a Human Conjurer on Aug 5, 2022.
             Was a Follower of Vehumet.
             Slain by an ice beast (11 damage)
             ... on level 6 of the Dungeon on Aug 8, 2022.
             The game lasted 00:36:04 (7587 turns).

howech the Conjurer (Human Conjurer)                Turns: 7587, Time: 00:36:04

Health: -2/52      AC:  4    Str: 10    XL:     8   Next: 55%
Magic:  11/13      EV: 13    Int: 19    God:    Vehumet [*.....]
Gold:   361        SH:  0    Dex: 15    Spells: 4/14 levels left

rFire   . . .      SeeInvis .   t - +4 short sword
rCold   . . .      Faith    .   (no shield)
rNeg    . . .      Spirit   .   a - +0 robe
rPois   .          Reflect  .   (helmet restricted)
rElec   .          Harm     .   u - +1 cloak
rCorr   .          Rampage  .   (no gloves)
Will    .....                   (no boots)
Stlth   +++.......              (no amulet)
HPRegen 0.17/turn               (no ring)
MPRegen 0.13/turn               (no ring)

@: studying Throwing
A: antennae 1, agile 1, strong 1, inability to drink while threatened 1
a: Renounce Religion


You were on level 6 of the Dungeon.
You worshipped Vehumet.
Vehumet was aware of your devotion.
You visited 2 branches of the dungeon, and saw 7 of its levels.

You collected 361 gold pieces.

Inventory:

Hand Weapons
 g - a +0 short sword
 s - a +2 hand axe of flaming
 t - a +4 short sword (weapon)
Armour
 a - a +0 robe (worn)
 k - a +0 leather armour
 u - a +1 cloak (worn)
Jewellery
 j - a +4 ring of protection
Wands
 v - a wand of flame (31)
Scrolls
 c - 3 scrolls of teleportation {unknown}
 e - 2 scrolls of enchant armour {unknown}
 i - a scroll of poison {unknown}
 l - a scroll of fear {unknown}
 m - 3 scrolls of enchant weapon {unknown}
 n - 2 scrolls of fog {unknown}
 o - 5 scrolls of amnesia {unknown}
 p - 4 scrolls of magic mapping {unknown}
 q - 2 scrolls of silence {unknown}
 x - 4 scrolls of identify {unknown}
Potions
 b - a potion of magic
 d - 2 potions of heal wounds
 f - a potion of flight
 h - 5 potions of curing
 r - a potion of attraction {unknown}
 w - 2 potions of invisibility {unknown}


   Skills:
 + Level 4.2 Dodging
 + Level 4.6 Stealth
 + Level 3.9 Spellcasting
 * Level 6.7 Conjurations
 + Level 3.2 Hexes
 + Level 1.4 Fire Magic


You had 4 spell levels left.
You knew the following spells:

 Your Spells              Type           Power      Damage    Failure   Level
a - Magic Dart            Conj           100%       1d8       1%          1
b - Searing Ray           Conj           58%        2d6       1%          2
c - Dazzling Flash        Conj/Hex       44%        N/A       5%          3
d - Conjure Flame         Conj/Fire      19%        6-21      8%          3
e - Shock                 Conj/Air       64%        1d7       3%          1

Your spell library contained the following spells:

 Spells                   Type           Power      Damage    Failure   Level
 Fulminant Prism          Conj/Hex       11%        3d9       19%         4
 Sticky Flame             Conj/Fire      19%        2d4       26%         4
 Ignite Poison            Fire/Tmut/Pois 5%         N/A       34%         3
 Iskenderun's Mystic Bla  Conj/Tloc      16%        2d5       34%         4


Dungeon Overview and Level Annotations

Branches:
Dungeon (6/15)             Temple (1/1) D:5

Altars:
Ashenzari
Cheibriados
Elyvilon
Fedhas
Hepliaklqana
Nemelex Xobeh
Qazlal
Ru
Sif Muna
Uskayaw
Vehumet
Wu Jian
Xom
Yredelemnul
The Shining One

Annotations:
D:5 1 runed translucent door, xian's ghost, amateur GnTm


Innate Abilities, Weirdness & Mutations

You have a pair of small antennae on your head.
You are agile. (Dex +4, Str/Int -1)
Your muscles are strong. (Str +4, Int/Dex -1)
You occasionally lose the ability to drink potions when taking damage.


Message History

The ice beast attacks as you move away!
The ice beast hits you but does no damage.
The ice beast attacks as you move away! The ice beast completely misses you.
The ice beast attacks as you move away! The ice beast hits you.
The ice beast freezes you!
You feel threatened and lose the ability to drink potions!
* * * LOW HITPOINT WARNING * * *
The ice beast attacks as you move away! The ice beast barely misses you.
There is an open door here.
The ice beast attacks as you move away! The ice beast closely misses you.
The ice beast attacks as you move away! The ice beast barely misses you.
The scorpion attacks as you move away!
The scorpion stings you but does no damage.
You can drink potions again.
The scorpion attacks as you move away! The scorpion stings you.
* * * LOW HITPOINT WARNING * * *
You are lethally poisoned!
The scorpion poisons you!
* * * LOW HITPOINT WARNING * * *
You feel very sick.
Unknown command.
You feel better. The scorpion closely misses you.
Unknown command.
The scorpion barely misses you.
Okay, then.
Magic courses through your body. The scorpion completely misses you.
Casting: Magic Dart (safe; 1% risk of failure)
Confirm with . or Enter, or press ? or * to list all spells.
Aiming: Searing Ray (safe; 1% risk of failure)
Press: ? - help, Shift-Dir - straight line, f/p - ice beast
Aim: an ice beast (heavily wounded, 79% to hit)
The searing ray hits the ice beast.
The ice beast is severely wounded. (Press . to maintain the ray.)
The scorpion stings you.
* * * LOW HITPOINT WARNING * * *
The ice beast hits you.
* * * LOW HITPOINT WARNING * * *
The ice beast freezes you!
You die...

#########
#.......#.......#
#.......#......^#
#.....s.#.......#
#.......#...Y...#
...s...#..@s...#
.... #####...#
##'#######...#
#............# ..
#............#
.?..#............#
..................#
.....#............#
.....#.###.#####'###


You could see an ice beast and a scorpion.

Vanquished Creatures
  A water moccasin (D:5)
  An ice beast (D:6)
  2 black bears
  A phantom (D:6)
  A scorpion (D:6)
  3 jellies
  3 hounds
  Crazy Yiuf (D:4)
  An orc priest (D:4)
  4 iguanas
  2 orc wizards
  6 adders
  A shadow imp (D:5)
  A white imp (D:5)
  An ufetubus (D:6)
  2 dart slugs
  A worm (D:5)
  17 orcs
  4 endoplasms
  A giant cockroach (D:3)
  7 goblins
  5 hobgoblins
  9 jackals (D:1)
  14 kobolds
  3 quokkas
  7 ball pythons
  3 bats
  5 frilled lizards
  6 rats
113 creatures vanquished.

Notes
Turn   | Place    | Note
-------+----------+-------------------------------------------
     0 | D:1      | howech the Human Conjurer began the quest for the Orb.
     0 | D:1      | Reached XP level 1. HP: 13/13 MP: 3/3
   144 | D:1      | Reached XP level 2. HP: 18/19 MP: 0/5
   153 | D:1      | Learned a level 2 spell: Searing Ray
   533 | D:1      | Reached XP level 3. HP: 24/24 MP: 0/6
  1478 | D:1      | Gained mutation: Your magical capacity is low. (-10% MP)
                  | [potion of mutation]
  1478 | D:1      | Gained mutation: Your flesh is heat resistant. (rF+)
                  | [potion of mutation]
  1478 | D:1      | Gained mutation: Your muscles are strong. (Str +4, Int/Dex
                  | -1) [potion of mutation]
  1499 | D:1      | Lost mutation: Your magical capacity is low. (-10% MP)
                  | [potion of mutation]
  1499 | D:1      | Lost mutation: Your flesh is heat resistant. (rF+) [potion
                  | of mutation]
  1499 | D:1      | Gained mutation: You have a pair of small antennae on your
                  | head. [potion of mutation]
  1499 | D:1      | Gained mutation: You occasionally lose the ability to drink
                  | potions when taking damage. [potion of mutation]
  1499 | D:1      | Gained mutation: You are agile. (Dex +4, Str/Int -1)
                  | [potion of mutation]
  1621 | D:2      | Reached XP level 4. HP: 30/30 MP: 5/7
  1625 | D:2      | Learned a level 3 spell: Dazzling Flash
  3037 | D:3      | Reached XP level 5. HP: 35/35 MP: 1/9
  3419 | D:4      | Reached skill level 1 in Hexes
  3674 | D:4      | Noticed a black bear
  3723 | D:4      | Reached skill level 5 in Conjurations
  3723 | D:4      | Reached XP level 6. HP: 41/41 MP: 5/10
  4133 | D:4      | Found a radiant altar of Vehumet.
  4149 | D:4      | Became a worshipper of Vehumet
  4250 | D:4      | Found a runed translucent door.
  4251 | D:4      | Noticed Crazy Yiuf
  4257 | D:4      | Killed Crazy Yiuf
  4822 | D:4      | Killed a black bear
  4823 | D:4      | Reached XP level 7. HP: 32/46 MP: 3/11
  5173 | D:5      | Entered Level 5 of the Dungeon
  5182 | D:5      | Noticed a water moccasin
  5190 | D:5      | Killed a water moccasin
  5350 | D:5      | Found a runed translucent door.
  5354 | D:5      | Noticed xian's ghost (amateur GnTm)
  5597 | D:5      | Reached skill level 6 in Conjurations
  6125 | D:5      | Found a staircase to the Ecumenical Temple.
  6137 | Temple   | Entered the Ecumenical Temple
  6223 | D:5      | Learned a level 3 spell: Conjure Flame
  6329 | D:5      | Reached * piety under Vehumet
  6329 | D:5      | Offered knowledge of Shock by Vehumet.
  6332 | D:5      | Learned a level 1 spell: Shock
  6449 | D:5      | Upgraded the game from 0.29-a0-998-g1987434951 to
                  | 0.29-a0-1009-g60c99734e7
  6671 | D:5      | Reached XP level 8. HP: 49/52 MP: 4/13
  7142 | D:6      | Found an ornate altar of the Wu Jian Council.
  7173 | D:6      | Reached skill level 1 in Fire Magic
  7587 | D:6      | Slain by an ice beast

Illustrated notes

Levels and vault maps discovered:
D:1:      scummos_arrival_simple_fountains, layout_basic, minmay_split_cup_small
D:2:      layout_basic, minmay_misc_feat_plants
D:3:      layout_loops_ring
D:4:      black_bear_nest_1, layout_loops_ring, nicolae_vehumet_altar_sigil,
          uniq_crazy_yiuf_cottage
D:5:      layout_loops_ring, minmay_temple_entry_wispy,
          ebering_ghost_reflecting_pool
D:6:      layout_gridville, kennysheep_mini
Temple:   nicolae_temple_god_jail

Skill      XL: |  1  2  3  4  5  6  7  8 |
---------------+-------------------------+-----
Stealth        | 3 4 |  4.6
Hexes          | 1 2 3 |  3.2
Dodging        | 3 4 |  4.2
Conjurations   | 5 6 |  6.7
Spellcasting   | 3 |  3.9
Fire Magic     | 1 |  1.4

Action                   |  1- 3 |  4- 6 |  7- 9 || total
-------------------------+-------+-------+-------++-------
Melee: Short sword       |       |       |     7 ||     7
 Cast: Magic Dart        |    77 |    89 |    58 ||   224
       Searing Ray       |       |     9 |    27 ||    36
  Use: Potion            |     7 |     2 |     2 ||    11
Armor: Robe              |     2 |       |    16 ||    18
Dodge: Dodged            |    28 |     6 |    37 ||    71

Table legend: (Time is in decaauts)
 A = Elapsed time spent in this place.
 B = Non-inter-level travel time spent in this place.
 C = Inter-level travel time spent in this place.
 D = Time resting spent in this place.
 E = Time spent auto-exploring this place.
 F = Levels seen in this place.
 G = Mean time per level.
                   A        B        C        D        E       F      G
               +--------+--------+--------+--------+--------+-----+--------+
         Total |   7570 |   7379 |    191 |   2643 |   3595 |   7 | 1081.4 |
       Dungeon |   7417 |   7239 |    178 |   2563 |   3552 |   6 | 1236.2 |
        Temple |    152 |    139 |     13 |     80 |     43 |   1 |  152.0 |
               +--------+--------+--------+--------+--------+-----+--------+

Top non-repeatable levels by time:
     D:4: 1836 daAuts
     D:1: 1558 daAuts
     D:5: 1456 daAuts
     D:2: 941 daAuts
     D:3: 818 daAuts
     D:6: 806 daAuts
  Temple: 152 daAuts
